3AAA
HOUSTON BC @ HAMILTON COYOTES
05/21/2033
 
TOP OF THE 1ST
Houston BC batting - Pitching for Hamilton Coyotes : RHP Errol Lange
Pitching: RHP Errol Lange
Batting: SHB Toby Sutton 0-0: Foul Ball, location: 2F
0-1: Ball
1-1: Foul Ball, location: 2F
1-2: Ball
2-2: Foul Ball, location: 2F
2-2: Strikes out looking
Batting: RHB Ken Gardner 0-0: Ball
1-0: Ball
2-0: Called Strike
2-1: Swinging Strike
2-2: Foul Ball, location: 2F
2-2: Ball
3-2: Strikes out swinging, 2-3 out at first.
Batting: RHB Robby Arnold 0-0: SINGLE (Flyball, 78S)
Batting: RHB Abraham Phelps 0-0: Called Strike
0-1: SINGLE (Line Drive, 7LS)
Robby Arnold to second
Batting: RHB Mike Howard 0-0: Foul Ball, location: 2F
0-1: Ball
1-1: Foul Ball, location: 2F
1-2: Ball
2-2: SINGLE (Line Drive, 6MD)
Robby Arnold to third
Abraham Phelps to second
Batting: RHB Kenneth Noid 0-0: Ball
1-0: Called Strike
1-1: Called Strike
1-2: Foul Ball, location: 2F
1-2: Ball
2-2: Foul Ball, location: 2F
2-2: Ball
Passed Ball!
Robby Arnold scores
Abraham Phelps to third
Mike Howard to second
3-2: Base on Balls
Batting: SHB Anastasio Delgadilo 0-0: Swinging Strike
0-1: Ball
1-1: Foul Ball, location: 2F
1-2: Strikes out swinging
Top of the 1st over - 1 run, 3 hits, 0 errors, 3 left on base; Houston 1 - Hamilton 0
BOTTOM OF THE 1ST
Hamilton Coyotes batting - Pitching for Houston BC : LHP Mike Owens
Pitching: LHP Mike Owens
Batting: LHB Ken Stroud 0-0: Ball
1-0: Ball
2-0: Called Strike
2-1: Swinging Strike
2-2: Ball
3-2: Foul Ball, location: 2F
3-2: Foul Ball, location: 2F
3-2: Foul Ball, location: 2F
3-2: Base on Balls
Batting: RHB Warren Martin 0-0: Called Strike
0-1: Ball
1-1: Ball
Ken Stroud steals 2nd base
2-1: SINGLE (Groundball, 34D)
Ken Stroud to third
Runner from 3rd tries for Home, SAFE, throw made home
Batting: RHB Elia Amberezzio 0-0: Ball
1-0: Called Strike
1-1: Swinging Strike
1-2: Ball
2-2: Foul Ball, location: 2F
2-2: Fielders Choice at 2nd, 4-6 (Groundball, 34)
Batting: RHB Brandon Carroll 0-0: Called Strike
0-1: Ball
1-1: Called Strike
1-2: Fly out, F7 (Flyball, 78D)
Runner from 1st tags up, SAFE at 2nd
Batting: LHB Scot Willis 0-0: Called Strike
0-1: Called Strike
0-2: Ball
1-2: Ground out 6-3 (Groundball, 6S)
Bottom of the 1st over - 1 run, 1 hit, 0 errors, 1 left on base; Houston 1 - Hamilton 1
TOP OF THE 2ND
Houston BC batting - Pitching for Hamilton Coyotes : RHP Errol Lange
Batting: RHB Dixon Snyder 0-0: Called Strike
0-1: Ball
1-1: Ball
2-1: Ground out 4-3 (Groundball, 4)
Batting: RHB Dennis Morrow 0-0: Ball
1-0: Ball
2-0: Ball
3-0: Base on Balls
Batting: SHB Toby Sutton 0-0: Ball
1-0: Ball
2-0: Fielders Choice at 2nd, 4-6 (Groundball, 4)
Batting: RHB Ken Gardner 0-0: Foul Ball, location: 2F
0-1: Ball
1-1: SINGLE (Flyball, 89S)
Toby Sutton to second
Runner from 2nd tries for 3rd, SAFE, throw made to third
Batting: RHB Robby Arnold 0-0: Fly out, F8 (Flyball, 8LD)
Top of the 2nd over - 0 runs, 1 hit, 0 errors, 2 left on base; Houston 1 - Hamilton 1
BOTTOM OF THE 2ND
Hamilton Coyotes batting - Pitching for Houston BC : LHP Mike Owens
Batting: RHB Duane Wills 0-0: Foul Ball, location: 2F
0-1: Foul Ball, location: 2F
0-2: Fly out, F8 (Line Drive, 8LD)
Batting: LHB José Gómez 0-0: Ball
1-0: Called Strike
1-1: Ball
2-1: Ground out 5-3 (Groundball, 5)
Batting: RHB Ernest Daniels 0-0: Fly out, F8 (Flyball, 8RS)
Bottom of the 2nd over - 0 runs, 0 hits, 0 errors, 0 left on base; Houston 1 - Hamilton 1
TOP OF THE 3RD
Houston BC batting - Pitching for Hamilton Coyotes : RHP Errol Lange
Batting: RHB Abraham Phelps 0-0: Fly out, F7 (Flyball, 78D)
Batting: RHB Mike Howard 0-0: Ball
1-0: Ball
2-0: Ball
3-0: Called Strike
3-1: Called Strike
3-2: Foul Ball, location: 2F
3-2: Foul Ball, location: 2F
3-2: Ground out 5-3 (Groundball, 56)
Batting: RHB Kenneth Noid 0-0: Called Strike
0-1: Foul Ball, location: 2F
0-2: Ball
1-2: Ground out 6-3 (Groundball, 6)
Top of the 3rd over - 0 runs, 0 hits, 0 errors, 0 left on base; Houston 1 - Hamilton 1
BOTTOM OF THE 3RD
Hamilton Coyotes batting - Pitching for Houston BC : LHP Mike Owens
Batting: LHB Walt Lathon 0-0: Called Strike
0-1: Foul Ball, location: 2F
0-2: Foul Ball, location: 2F
0-2: Ball
1-2: Foul Ball, location: 2F
1-2: Foul Ball, location: 2F
1-2: Ball
2-2: Ball
3-2: SINGLE (Groundball, 4D)
Batting: LHB Ken Stroud 0-0: Called Strike
0-1: Swinging Strike
0-2: Strikes out swinging
Batting: RHB Warren Martin 0-0: Ball
1-0: Ball
2-0: Ball
3-0: Base on Balls
Walt Lathon to second
Batting: RHB Elia Amberezzio 0-0: Called Strike
0-1: Foul Ball, location: 2F
0-2: Ball
1-2: SINGLE (Groundball, 56D)
Walt Lathon to third
Warren Martin to second
Runner from 3rd tries for Home, SAFE, no throw
Batting: RHB Brandon Carroll 0-0: Ball
1-0: Foul Ball, location: 2F
1-1: Called Strike
1-2: Foul Ball, location: 2F
1-2: Ball
2-2: Strikes out swinging
Batting: LHB Scot Willis 0-0: Called Strike
0-1: SINGLE (Flyball, 78S)
Warren Martin to third
Elia Amberezzio to second
Runner from 3rd tries for Home, SAFE, no throw
Batting: RHB Duane Wills 0-0: Ball
1-0: Ball
2-0: Swinging Strike
2-1: Ball
3-1: SINGLE (Line Drive, 9S)
Elia Amberezzio to third
Scot Willis to second
Runner from 3rd tries for Home, SAFE, no throw
Batting: LHB José Gómez 0-0: Ball
1-0: Ball
2-0: Foul Ball, location: 2F
2-1: Ball
3-1: Base on Balls
Scot Willis to third
Duane Wills to second
Batting: RHB Ernest Daniels 0-0: Ball
1-0: Ball
2-0: Foul Ball, location: 2F
2-1: Ball
3-1: Foul Ball, location: 2F
3-2: Fly out, F1 (Line Drive, 13)
Bottom of the 3rd over - 3 runs, 4 hits, 0 errors, 3 left on base; Houston 1 - Hamilton 4
TOP OF THE 4TH
Houston BC batting - Pitching for Hamilton Coyotes : RHP Errol Lange
Batting: SHB Anastasio Delgadilo 0-0: Called Strike
0-1: Ball
1-1: Fly out, F7 (Flyball, 78S)
Batting: RHB Dixon Snyder 0-0: Foul Ball, location: 2F
0-1: Ball
1-1: Ball
2-1: Ball
3-1: Ground out 3-1 (Groundball, 34)
Batting: LHB Dawit Lihalakha 0-0: Swinging Strike
0-1: Swinging Strike
0-2: Ball
1-2: Foul Ball, location: 2F
1-2: Strikes out swinging
Top of the 4th over - 0 runs, 0 hits, 0 errors, 0 left on base; Houston 1 - Hamilton 4
BOTTOM OF THE 4TH
Hamilton Coyotes batting - Pitching for Houston BC : LHP Mike Owens
Batting: LHB Walt Lathon 0-0: Ball
1-0: Ball
2-0: Ball
3-0: Called Strike
3-1: Foul Ball, location: 2F
3-2: Foul Ball, location: 2F
3-2: Ground out 4-3 (Groundball, 4)
Batting: LHB Ken Stroud 0-0: Called Strike
0-1: Ball
1-1: Ball
2-1: Ball
3-1: Ground out 4-3 (Groundball, 4)
Batting: RHB Warren Martin 0-0: Called Strike
0-1: Swinging Strike
0-2: Ball
1-2: Foul Ball, location: 2F
1-2: Foul Ball, location: 2F
1-2: Ground out 1-3 (Groundball, 13)
Bottom of the 4th over - 0 runs, 0 hits, 0 errors, 0 left on base; Houston 1 - Hamilton 4
TOP OF THE 5TH
Houston BC batting - Pitching for Hamilton Coyotes : RHP Errol Lange
Batting: SHB Toby Sutton 0-0: Ball
1-0: Called Strike
1-1: Fly out, F8 (Line Drive, 8RS)
Pitching: RHP Ed Maresh
Batting: RHB Ken Gardner 0-0: Called Strike
0-1: Ball
1-1: Foul Ball, location: 2F
1-2: Ball
2-2: Foul Ball, location: 2F
2-2: Strikes out swinging
Batting: RHB Robby Arnold 0-0: Ball
1-0: SINGLE (Line Drive, 4MD)
Batting: RHB Abraham Phelps 0-0: Ball
1-0: 2-RUN HOME RUN (Flyball, 7LD), Distance : 357 ft
Batting: RHB Mike Howard 0-0: Ball
1-0: Foul Ball, location: 2F
1-1: Fly out, F5 (Popup, 5F)
Top of the 5th over - 2 runs, 2 hits, 0 errors, 0 left on base; Houston 3 - Hamilton 4
BOTTOM OF THE 5TH
Hamilton Coyotes batting - Pitching for Houston BC : LHP Mike Owens
Batting: RHB Elia Amberezzio 0-0: Fly out, F7 (Flyball, 7D)
Batting: RHB Brandon Carroll 0-0: Ball
1-0: Called Strike
1-1: Foul Ball, location: 2F
1-2: Foul Ball, location: 2F
1-2: Foul Ball, location: 2F
1-2: Ball
2-2: Foul Ball, location: 2F
2-2: Ball
3-2: Ground out 6-3 (Groundball, 56)
Batting: LHB Scot Willis 0-0: Swinging Strike
0-1: Foul Ball, location: 2F
0-2: Fly out, F4 (Flyball, 34D)
Bottom of the 5th over - 0 runs, 0 hits, 0 errors, 0 left on base; Houston 3 - Hamilton 4
TOP OF THE 6TH
Houston BC batting - Pitching for Hamilton Coyotes : RHP Ed Maresh
Batting: RHB Kenneth Noid 0-0: Called Strike
0-1: Ball
1-1: Ball
2-1: Ground out 6-3 (Groundball, 6)
Batting: SHB Anastasio Delgadilo 0-0: Ground out 6-3 (Groundball, 6MD)
Batting: RHB Dixon Snyder 0-0: Called Strike
0-1: Ball
1-1: Foul Ball, location: 2F
1-2: Ball
2-2: Foul Ball, location: 2F
2-2: Foul Ball, location: 2F
2-2: Ball
3-2: Foul Ball, location: 2F
3-2: Foul Ball, location: 2F
3-2: SINGLE (Groundball, 56D)
Batting: LHB Dawit Lihalakha 0-0: Ball
1-0: Foul Ball, location: 2F
1-1: Ball
2-1: Ball
3-1: Base on Balls
Dixon Snyder to second
Batting: SHB Toby Sutton 0-0: Swinging Strike
0-1: Swinging Strike
0-2: Ball
1-2: Foul Ball, location: 2F
1-2: Strikes out swinging
Top of the 6th over - 0 runs, 1 hit, 0 errors, 2 left on base; Houston 3 - Hamilton 4
BOTTOM OF THE 6TH
Hamilton Coyotes batting - Pitching for Houston BC : LHP Mike Owens
Batting: RHB Duane Wills 0-0: Ball
1-0: Foul Ball, location: 2F
1-1: Foul Ball, location: 2F
1-2: Ball
2-2: Strikes out swinging
Batting: LHB José Gómez 0-0: Ball
1-0: Ball
2-0: Ball
3-0: Called Strike
3-1: Foul Ball, location: 2F
3-2: Strikes out looking
Batting: RHB Ernest Daniels 0-0: Ball
1-0: Ball
2-0: Ground out 5-3 (Groundball, 56)
Bottom of the 6th over - 0 runs, 0 hits, 0 errors, 0 left on base; Houston 3 - Hamilton 4
TOP OF THE 7TH
Houston BC batting - Pitching for Hamilton Coyotes : RHP Ed Maresh
Batting: RHB Ken Gardner 0-0: Ball
1-0: Swinging Strike
1-1: Ball
2-1: Called Strike
2-2: Foul Ball, location: 2F
2-2: Ground out 6-3 (Groundball, 6)
Batting: RHB Robby Arnold 0-0: Foul Ball, location: 2F
0-1: Ball
1-1: Ball
2-1: Ground out 5-3 (Groundball, 56)
Batting: RHB Abraham Phelps 0-0: Called Strike
0-1: Ball
1-1: Swinging Strike
1-2: Ball
2-2: Foul Ball, location: 2F
2-2: SINGLE (Line Drive, 34D)
Pinch Hitting: RHB Alba Hidalgo de Jesus 0-0: Ball
1-0: Called Strike
1-1: Ball
2-1: Ball
3-1: Base on Balls
Abraham Phelps to second
Batting: RHB Kenneth Noid 0-0: Ball
1-0: Foul Ball, location: 2F
1-1: Foul Ball, location: 2F
1-2: Foul Ball, location: 2F
1-2: Ball
2-2: 3-RUN HOME RUN (Flyball, 7LD), Distance : 364 ft
Pitching: RHP Neal Davis
Batting: SHB Anastasio Delgadilo 0-0: Ball
1-0: Foul Ball, location: 2F
1-1: Ball
2-1: Swinging Strike
2-2: Ball
3-2: Ground out 4-3 (Groundball, 4M)
Top of the 7th over - 3 runs, 2 hits, 0 errors, 0 left on base; Houston 6 - Hamilton 4
BOTTOM OF THE 7TH
Hamilton Coyotes batting - Pitching for Houston BC : LHP Mike Owens
Pitching: LHP Steve Costlow
Now in LF: Alba Hidalgo de Jesus
Batting: LHB Walt Lathon 0-0: Swinging Strike
0-1: Foul Ball, location: 2F
0-2: Ball
1-2: Strikes out looking
Batting: LHB Ken Stroud 0-0: Ball
1-0: Ball
2-0: Foul Ball, location: 2F
2-1: Ball
3-1: Foul Ball, location: 2F
3-2: Fly out, F3 (Line Drive, 3S)
Batting: RHB Warren Martin 0-0: Called Strike
0-1: Swinging Strike
0-2: DOUBLE (Flyball, 89D)
Batting: RHB Elia Amberezzio 0-0: Ball
1-0: Foul Ball, location: 2F
1-1: Foul Ball, location: 2F
1-2: Strikes out swinging
Bottom of the 7th over - 0 runs, 1 hit, 0 errors, 1 left on base; Houston 6 - Hamilton 4
TOP OF THE 8TH
Houston BC batting - Pitching for Hamilton Coyotes : RHP Neal Davis
Batting: RHB Dixon Snyder 0-0: Foul Ball, location: 2F
0-1: Ball
1-1: Called Strike
1-2: Strikes out swinging
Batting: LHB Dawit Lihalakha 0-0: Ball
1-0: Ground out 4-3 (Groundball, 4)
Batting: SHB Toby Sutton 0-0: Foul Ball, location: 2F
0-1: Ball
1-1: Ball
2-1: Ground out 5-3 (Groundball, 56)
Top of the 8th over - 0 runs, 0 hits, 0 errors, 0 left on base; Houston 6 - Hamilton 4
BOTTOM OF THE 8TH
Hamilton Coyotes batting - Pitching for Houston BC : LHP Steve Costlow
Now in RF: Earl Wiley
Batting: RHB Brandon Carroll 0-0: Called Strike
0-1: Ball
1-1: Ball
2-1: Called Strike
2-2: Strikes out swinging
Batting: LHB Scot Willis 0-0: Called Strike
0-1: Ball
1-1: Swinging Strike
1-2: Foul Ball, location: 2F
1-2: Ball
2-2: Strikes out swinging
Batting: RHB Duane Wills 0-0: Ball
1-0: Ground out U3 (Groundball, 34)
Bottom of the 8th over - 0 runs, 0 hits, 0 errors, 0 left on base; Houston 6 - Hamilton 4
TOP OF THE 9TH
Houston BC batting - Pitching for Hamilton Coyotes : RHP Neal Davis
Batting: RHB Ken Gardner 0-0: Ball
1-0: Foul Ball, location: 2F
1-1: Swinging Strike
1-2: Strikes out swinging
Batting: LHB Earl Wiley 0-0: Ball
1-0: Ball
2-0: Ball
3-0: Base on Balls
Batting: RHB Abraham Phelps 0-0: Ball
1-0: Fly out, F7 (Flyball, 7D)
Batting: RHB Alba Hidalgo de Jesus 0-0: Called Strike
Earl Wiley steals 2nd base
0-1: Swinging Strike
0-2: Foul Ball, location: 2F
0-2: Ball
1-2: Ball
2-2: Fly out, F3 (Popup, 3)
Top of the 9th over - 0 runs, 0 hits, 0 errors, 1 left on base; Houston 6 - Hamilton 4
BOTTOM OF THE 9TH
Hamilton Coyotes batting - Pitching for Houston BC : LHP Steve Costlow
Pitching: RHP Corbin Holling
Batting: LHB José Gómez 0-0: Ball
1-0: Called Strike
1-1: Swinging Strike
1-2: SINGLE (Line Drive, 34D)
Batting: RHB Ernest Daniels 0-0: Called Strike
0-1: Ball
1-1: Called Strike
1-2: Foul Ball, location: 2F
1-2: SINGLE (Groundball, 56D)
José Gómez to second
Batting: LHB Walt Lathon 0-0: Ball
1-0: Ball
2-0: Ball
Wild Pitch!
José Gómez to third
Ernest Daniels to second
3-0: Called Strike
3-1: Fly out, F8 (Flyball, 8LM)
Batting: LHB Ken Stroud 0-0: Ball
1-0: Ball
2-0: Foul Ball, location: 2F
2-1: Ball
3-1: Base on Balls
Batting: RHB Warren Martin 0-0: Called Strike
0-1: Called Strike
0-2: Ball
Wild Pitch!
José Gómez scores
Ernest Daniels to third
Ken Stroud to second
1-2: Strikes out looking
Batting: RHB Elia Amberezzio 0-0: Ball
1-0: SINGLE (Line Drive, 4MD)
Ernest Daniels scores
Ken Stroud to third
Runner from 3rd tries for Home, SAFE, throw made home
Saturday, December 22nd, 2018 - OOTP Baseball 18.8 Build 76